 Dungeon Crawl Stone Soup version 0.28-a0-863-g8cecda6153 (webtiles) character file.

Game seed: 5735186212841973149

43 kae the Ruffian (level 3, 2/29 HPs)
             Began as a Draconian Transmuter on Nov 16, 2021.
             Quit the game on level 2 of the Dungeon.
             The game lasted 00:01:33 (1904 turns).

kae the Ruffian (Draconian Transmuter)              Turns: 1904, Time: 00:01:34

Health: 2/29       AC:  5    Str: 12    XL:     3   Next: 37%
Magic:  6/6        EV: 12    Int: 14    God:
Gold:   66         SH:  0    Dex: 11    Spells: 2/6 levels left

rFire   . . .      SeeInvis .     - Unarmed
rCold   . . .      Faith    .   (no shield)
rNeg    . . .      Spirit   .   (armour unavailable)
rPois   .          Reflect  .   (helmet restricted)
rElec   .          Harm     .   (no cloak)
rCorr   .          Rampage  .   (no gloves)
Will    .....                   (no boots)
Stlth   +.........              (no amulet)
HPRegen 0.09/turn               (no ring)
MPRegen 0.10/turn               (no ring)

@: no status effects
A: AC +5, unfitting armour, cold-blooded
a: no special abilities


You were on level 2 of the Dungeon.
You visited 1 branch of the dungeon, and saw 2 of its levels.

You collected 66 gold pieces.

Inventory:

Scrolls
 a - a scroll of identify
 b - a scroll of amnesia
Potions
 e - a potion of flight


   Skills:
 + Level 1.9 Fighting
 - Level 1.7 Dodging
 * Level 3.6 Unarmed Combat
 + Level 2.3 Spellcasting
 + Level 2.4 Transmutations


You had 2 spell levels left.
You knew the following spells:

 Your Spells              Type           Power      Damage    Failure   Level
a - Beastly Appendage     Tmut           16%        N/A       9%          1
b - Spider Form           Tmut/Pois      5%         N/A       38%         3

Your spell library contained the following spells:

 Spells                   Type           Power      Damage    Failure   Level
 Wereblood                Tmut           8%         N/A       13%         2
 Magic Dart               Conj           4%         1d3       22%         1
 Searing Ray              Conj           2%         2d4       34%         2
 Call Canine Familiar     Summ           1%         N/A       56%         3
 Gell's Gravitas          Tloc           1%         N/A       56%         3
 Lesser Beckoning         Tloc           1%         N/A       56%         3
 Portal Projectile        Hex/Tloc       2%         N/A       56%         3
 Teleport Other           Tloc           1%         N/A       56%         3
 Ice Form                 Ice/Tmut       5%         N/A       80%         4
 Fulminant Prism          Conj/Hex       0%         3d6       92%         4
 Leda's Liquefaction      Hex/Erth       0%         N/A       92%         4


Dungeon Overview and Level Annotations

Branches:
Dungeon (2/15)

Altars:

Shops:
D:1 **:!*

Annotations:
D:2 Robin


Innate Abilities, Weirdness & Mutations

Your plain brown scales are hard. (AC +5)
You cannot fit into any form of body armour.
You are cold-blooded and may be slowed by cold attacks.


Message History

The goblins go into a battle-frenzy!
The goblin hits you but does no damage.
There are monsters nearby!
The goblin hits you with a +0 club. Robin throws the goblin at you!
The goblin hits you but does no damage.
You barely miss the goblin. Robin throws the goblin at you!
The goblin hits you with a +0 dagger. The goblin hits you with a +0 club.
The goblin closely misses you. x2
You hit the goblin.
The goblin is severely wounded.
The goblin closely misses you. The goblin barely misses you.
The goblin hits you but does no damage.
Okay, then.
Okay, then.
You hit the goblin.
The goblin is moderately wounded.
The goblin hits you with a +0 dagger. x2; The goblin barely misses you.
The goblin hits you with a +0 club. The goblin hits you with a +0 dagger.
You closely miss the goblin.
The goblin is moderately wounded.
The goblin hits you with a +0 dagger.
* * * LOW HITPOINT WARNING * * *
The goblin hits you but does no damage. The goblin misses you.
The goblin hits you but does no damage. The goblin hits you with a +0 club.
* * * LOW HITPOINT WARNING * * *
You hit the goblin but do no damage.
The goblin is moderately wounded.
The goblin hits you with a +0 dagger.
* * * LOW HITPOINT WARNING * * *
The goblin hits you but does no damage. The goblin closely misses you. x2
The goblin barely misses you.
You miss the goblin.
The goblin is moderately wounded.
The goblin hits you but does no damage. The goblin barely misses you.
The goblin misses you. x2
Unknown command.
Unknown command.
Unknown command.
Unknown command.
Are you sure you want to abandon this character and quit the game? (Confirm with "yes".)

.......#####........#....
.....+............#....
#...#............#....
..##...#...#.........####
..........†#.........####
.........................
.....................#...
.....###g##........#†....
.......g@g..........†....
...#.###gg##.###.........
... #gg# ............. ..
#gggg..............
#.....#............
#.....+ ...........
#.....# .#.........
....... .......#


You could see Robin, 2 hobgoblins and 8 goblins.

Vanquished Creatures
  An adder (D:2)
  A dart slug (D:2)
  4 bats
  3 endoplasms (D:1)
  2 giant cockroaches (D:1)
  4 hobgoblins
  4 jackals (D:1)
  A kobold (D:1)
  2 quokkas
  2 ball pythons (D:1)
  3 frilled lizards
  2 rats
29 creatures vanquished.

Vanquished Creatures (others)
  A fungus (D:1)
  4 plants (D:1)
5 creatures vanquished.

Grand Total: 34 creatures vanquished

Notes
Turn   | Place    | Note
-------+----------+-------------------------------------------
     0 | D:1      | kae the Draconian Transmuter began the quest for the Orb.
     0 | D:1      | Reached XP level 1. HP: 16/16 MP: 3/3
   150 | D:1      | Found Xogagu Nukh's General Store.
   233 | D:1      | Found Coettev's General Store.
   306 | D:1      | Reached XP level 2. HP: 7/23 MP: 3/5
   593 | D:1      | Found Jeugepiy's Book Emporium.
   776 | D:1      | Found Fufiduse's Distillery.
   866 | D:1      | Found Ythusaw's General Store.
  1261 | D:1      | Found a faded altar of an unknown god.
  1703 | D:2      | Reached XP level 3. HP: 29/29 MP: 4/6
  1721 | D:2      | Learned a level 3 spell: Spider Form
  1892 | D:2      | Noticed Robin
  1904 | D:2      | Quit the game

Illustrated notes

Levels and vault maps discovered:
D:1:      giann_bridges, layout_basic, shapermc_ecumenical_altar_ellora,
          serial_shops, shop, shop, nicolae_shop_crystal, shop,
          nicolae_diamond_shop, amcnicky_mini_rare_corridor_liquid
D:2:      layout_basic, basic_altar, uniq_robin, uniq_jessica,
          uniq_crazy_yiuf_cottage

Action                   || total
-------------------------++-------
Melee: Unarmed           ||   108
       Kick              ||    11
       Tailslap          ||     5
       Headbutt          ||     5
       Punch             ||     2
 Cast: Beastly Appendage ||    18
  Use: Scroll            ||     4
Armor: Skin              ||    32
Dodge: Dodged            ||    73

Table legend: (Time is in decaauts)
 A = Elapsed time spent in this place.
 B = Non-inter-level travel time spent in this place.
 C = Inter-level travel time spent in this place.
 D = Time resting spent in this place.
 E = Time spent auto-exploring this place.
 F = Levels seen in this place.
 G = Mean time per level.
                   A        B        C        D        E       F      G
               +--------+--------+--------+--------+--------+-----+--------+
         Total |   1905 |   1845 |     60 |      0 |   1565 |   2 |  952.5 |
       Dungeon |   1905 |   1845 |     60 |      0 |   1565 |   2 |  952.5 |
               +--------+--------+--------+--------+--------+-----+--------+

Top non-repeatable levels by time:
     D:1: 1670 daAuts
     D:2: 234 daAuts
